 Dungeon Crawl Stone Soup version 0.29-a0-384-g6960b1960d (webtiles) character file.

Game seed: 6347709528374295721

119469 Kenran the Alchemist (level 15, -23/118 HPs)
             Began as a Felid Monk on May 7, 2022.
             Was the Champion of Ru.
             Killed by a resonance strike
             ... invoked by Zenata
              (27 damage)
             ... on level 1 of the Elven Halls.
             The game lasted 02:19:31 (58197 turns).

Kenran the Alchemist (Felid Monk)                  Turns: 58197, Time: 02:19:32

Health: -23/118    AC: 20    Str: 15    XL:     15   Next: 97%
Magic:  22/28      EV: 17    Int: 16    God:    Ru [******]
Gold:   835        SH:  5    Dex: 22    Spells: 5/30 levels left
                                        Lives:  0   Deaths: 5

rFire   + + .      SeeInvis +     - Unarmed
rCold   . . .      Faith    .   (shield unavailable)
rNeg    . . .      Spirit   .   (body armour unavailable)
rPois   +          Reflect  +   (helmet unavailable)
rElec   .          Harm     .   (cloak unavailable)
rCorr   .          Rampage  .   (gloves unavailable)
Will    +....                   (boots unavailable)
Stlth   ..........              y - amulet of reflection
HPRegen 0.29/turn               n - ring of protection from cold
MPRegen 0.21/turn               p - +4 ring of protection

@: lethally poisoned (-23 -> -28), about to teleport, dragon-form, flying
A: dragon claw, dragon scales, breathe fire, flying, boosted hp, giant, (claws
1), (fangs 3), see invisible, (speed 1), (shaggy fur 3), weak 1, no stealth,
inability to use devices, hated by all, no hexes magic, no ice magic, no
translocations magic, weak-willed 1, (stealthy paws), no weapons or thrown
items, no armour, multi-lived, no potion heal 1
}: 1/15 runes: serpentine
a: Breathe Fire, End Transformation, Renounce Religion, Draw Out Power, Power
Leap, Apocalypse


You were on level 1 of the Elven Halls.
You worshipped Ru.
Ru was exalted by your worship.
You were a fearsome dragon!
You visited 6 branches of the dungeon, and saw 29 of its levels.
You also visited: Ice Cave.

You collected 2903 gold pieces.
You spent 2068 gold pieces at shops.

Inventory:

Jewellery
 b - an amulet of guardian spirit
 d - an amulet of magic regeneration
 j - a ring of protection from fire
 n - a ring of protection from cold (left foreclaw)
 p - a +4 ring of protection (right foreclaw)
 t - the amulet "Isypewue" {Spirit rF+++ rC- SInv Stlth-}
   (You found it on level 8 of the Dungeon)

   [amulet of guardian spirit]

   It causes incoming damage to be divided between your reserves of health and
   magic.
   rF:        It renders you almost immune to fire.
   rC:        It makes you vulnerable to cold.
   SInv:      It lets you see invisible.
   Stlth:     It makes you less stealthy.
 y - an amulet of reflection (around neck)
 z - the ring "Meofiny" {Contam rF+ Dex+6 Slay+2}
   (You found it on level 12 of the Dungeon)

   [ring of dexterity]

   Dex:       It affects your dexterity (+6).
   Slay:      It affects your accuracy & damage with ranged weapons and melee
   (+2).
   rF:        It protects you from fire.
   Contam:    It causes magical contamination when unequipped.
Scrolls
 f - 4 scrolls of poison {!r}
 h - 5 scrolls of amnesia
 i - 6 scrolls of silence
 k - 2 scrolls of magic mapping
 l - 2 scrolls of blinking
 q - 5 scrolls of fear
 s - 3 scrolls of fog
 u - 11 scrolls of teleportation
 w - 14 scrolls of identify {@r1}
 C - a scroll of torment {!r}
 E - a scroll of immolation {!r}
Potions
 a - a potion of might
 c - 2 potions of magic
 e - 4 potions of cancellation
 g - 6 potions of mutation {!q}
 m - 3 potions of brilliance
 o - 9 potions of lignification {!q}
 r - 3 potions of flight
 v - 13 potions of curing {@q1}
 x - 7 potions of heal wounds {@q2}
 A - 3 potions of haste
 B - 2 potions of berserk rage {!q}
 D - a potion of ambrosia


   Skills:
 - Level 16.5 Fighting
 - Level 14.0 Dodging
 - Level 16.5 Unarmed Combat
 - Level 8.0 Spellcasting
 - Level 18.0 Transmutations
 - Level 9.0 Air Magic
 + Level 0.5 Earth Magic


You had 5 spell levels left.
You knew the following spells:

 Your Spells              Type           Power      Damage    Failure   Level
a - Dragon Form           Tmut           29%        N/A       6%          7
b - Blade Hands           Tmut           29%        N/A       1%          5
c - Storm Form            Tmut/Air       24%        N/A       36%         7
d - Statue Form           Tmut/Erth      24%        N/A       36%         6

Your spell library contained the following spells:

 Spells                   Type           Power      Damage    Failure   Level
 Wereblood                Tmut           59%        N/A       0%          2
 Shock                    Conj/Air       80%        1d8       1%          1
 Swiftness                Air            35%        N/A       1%          3
 Corpse Rot               Necr/Air       40%        N/A       2%          2
 Airstrike                Air            17%        N/A       2%          4
 Alistair's Intoxication  Tmut/Pois      23%        N/A       8%          5
 Irradiate                Conj/Tmut      17%        3d19      8%          5
 Foxfire                  Conj/Fire      24%        2x1d5     11%         1
 Sublimation of Blood     Necr           6%         N/A       17%         2
 Conjure Flame            Conj/Fire      6%         6-21      32%         3
 Dispel Undead            Necr           6%         3d8       73%         4
 Flame Wave               Conj/Fire      6%         2d5       73%         4
 Lee's Rapid Deconstruct  Erth           4%         3d6*      94%         5
 Borgnjor's Vile Clutch   Necr/Erth      3%         N/A       95%         5
 Iskenderun's Battlesphe  Conj           6%         2d6       97%         5
 Eringya's Noxious Bog    Tmut/Pois      17%        N/A       38%         6
 Iron Shot                Conj/Erth      3%         9d2       100%        6
 Starburst                Conj/Fire      3%         6d3       100%        6
 Necromutation            Tmut/Necr      17%        N/A       100%        8
 Apportation              Tloc           Unusable   N/A       N/A         1
 Freeze                   Ice            Unusable   1d5       N/A         1
 Dazzling Flash           Conj/Hex       Unusable   N/A       N/A         3
 Frozen Ramparts          Ice            Unusable   1d3       N/A         3
 Inner Flame              Hex/Fire       Unusable   N/A       N/A         3
 Tukima's Dance           Hex            Unusable   N/A       N/A         3
 Freezing Cloud           Conj/Ice/Air   Unusable   6-21      N/A         5
 Anguish                  Hex/Necr       Unusable   N/A       N/A         4
 Fulminant Prism          Conj/Hex       Unusable   3d6       N/A         4
 Hailstorm                Conj/Ice       Unusable   3d4       N/A         4
 Iskenderun's Mystic Bla  Conj/Tloc      Unusable   2d4       N/A         4
 Death Channel            Necr           Unusable   N/A       N/A         6
 Simulacrum               Ice/Necr       Unusable   N/A       N/A         6
 Enfeeble                 Hex            Unusable   N/A       N/A         7
 Spellforged Servitor     Conj/Summ      Unusable   N/A       N/A         7
 Summon Hydra             Summ           Unusable   N/A       N/A         7
 Polar Vortex             Ice            Unusable   N/A       N/A         9

Dungeon Overview and Level Annotations

Branches:
Dungeon (15/15)            Temple (1/1) D:6            Lair (6/6) D:9
 Shoals (0/4) Lair:3        Snake (4/4) Lair:3          Orc (2/2) D:9
    Elf (1/3) Orc:2        Vaults (0/5) D:13         Depths (0/4) D:15
  IceCv (visited)
  Slime: Lair:5-6

Altars:
Ashenzari
Cheibriados
Dithmenos
Elyvilon
Fedhas
Gozag
Hepliaklqana
Kikubaaqudgha
Makhleb
Nemelex Xobeh
Okawaru
Qazlal
Ru
Sif Muna
Trog
Uskayaw
Vehumet
Wu Jian
Xom
Yredelemnul
Zin
The Shining One

Shops:
D:1 :   D:10 =:!   D:12 [   D:14 **   D:15 :   Orc:2 !=(*[=(   Elf:1 =
Snake:1 [   Snake:2 :*((   Snake:4 =:=

Annotations:
D:3 lemure + orcs!
D:5 exclusion: downstairs
D:13 Kirke
Lair:5 exclusion: 4 oklob plants
Snake:1 exclusion: downstairs
Elf:1 Zenata


Innate Abilities, Weirdness & Mutations

You are a fearsome dragon!
You have a powerful clawing attack.
Your giant scaled body is strong and resiliant, but less evasive.
You can breathe fire.
You are flying.
Your maximum health is greatly increased.
((You have sharp claws.))
((You have razor-sharp teeth.))
You have supernaturally acute eyesight. (SInv)
((You cover ground quickly. (Speed+)))
((Your thick and shaggy fur keeps you warm. (AC +3, rC+)))
You are weak. (Str -2)
You cannot be stealthy.
You cannot study or use magical devices.
You are hated by all.
You cannot study or cast Hexes magic.
You cannot study or cast Ice magic.
You cannot study or cast Translocations magic.
You are slightly weak-willed. (Will-)
((Your paws help you pounce on unaware monsters.))
You are incapable of wielding weapons or throwing items.
You cannot wear armour.
You gain extra lives every three experience levels.
Potions are less effective at restoring your health.


Message History

There is an open door here.
You see here a +0 great sword.
You open the door.
Zenata, Seeker of Sheza comes into view.
She is wielding a +4 triple sword.
Zenata shouts!
Zenata casts a spell at you.
A blast of power from the earth strikes you!
Casting: Dragon Form (quite dangerous; 6% risk of failure)
Confirm with . or Enter, or press ? or * to list all spells.
The spell is quite dangerous to miscast (6% risk of failure)!
Continue anyway?
You turn into a fearsome dragon!
Zenata gestures, and weapons take to the air!
Press: ? - help, v - describe, . - travel
Here: Zenata, wielding a +4 triple sword and wearing a +0 leather armour The floor.
The +6 glaive of venom hits you but does no damage.
You are poisoned.
The +2 battleaxe of distortion closely misses you.
You barely miss the +2 battleaxe of distortion.
You feel sick.
The +6 glaive of venom hits you from afar!!
The +2 battleaxe of distortion hits you!!
Space warps horribly around you.
Zenata sends weapons flying into battle!
The +2 battleaxe of distortion attacks as you move away!
The +2 battleaxe of distortion hits you.
You blink.
You feel sick.
The +6 glaive of venom disappears in a puff of smoke!
The +2 battleaxe of distortion hits you but does no damage.
Space warps around you.
You see here a +0 great sword.
As you read the scroll of teleportation, it crumbles to dust.
You feel strangely unstable.
You feel sick.
The +2 battleaxe of distortion hits you!!
* * * LOW HITPOINT WARNING * * *
Space warps horribly around you!
* * * LOW HITPOINT WARNING * * *
Zenata casts a spell at you.
A blast of power from the earth and the +2 battleaxe of distortion strikes you!
You die...

##...## #....... ##.....##
#.......
#.......#############.>.....
#...^...'.∩...).....'......#
#.......###############...#)
##.....#'## +#...#
##'#...###.## #...#
##.####+# ##.## #...# ##.##
#.# ##D## #..## ###.## #.#
##(# ##.# ##.## #.# ##(# #.#
.'## #.# #(( #.# ..## #.#
§a.. #+# ...# ##'## ..##
...######...## .##
...)).)'.....# #
...#####.....#


You could see Zenata and 4 dancing weapons.

Vanquished Creatures
  Vashnia (Snake:2)
  Jorgrun (Elf:1)
  Frances (Snake:2)
  Roxanne (Elf:1)
  Agnes (Snake:2)
  14 nagarajas
  An orc warlord (Orc:2)
  A very ugly thing (D:15)
  A war gargoyle (D:13)
  Azrael (D:14)
  A bunyip (shapeshifter) (D:15)
  Snorg (D:14)
  6 deep elf death magi (Elf:1)
  Fannar (Orc:1)
  3 rakshasas (D:15)
  8 vault guards (D:13)
  Erolcha (Orc:2)
  6 hydras
  2 boulder beetles
  3 salamander tyrants
  6 centaur warriors
  8 anacondas
  14 naga warriors
  4 two-headed ogres
  8 death yaks (Lair:6)
  3 dancing weapons (Elf:1)
  Urug (Lair:1)
  2 tengu warriors
  9 shock serpents
  19 naga sharpshooters
  4 orc high priests (Orc:2)
  A deep elf knight (Elf:1)
  Sonja (Orc:2)
  A fire crab (D:10)
  A fire crab (shapeshifter) (D:14)
  5 salamander mystics
  A glowing orange brain (D:15)
  7 skeletal warriors
  2 sea snakes (Snake:4)
  Pikel (D:4)
  A deep elf archer (Elf:1)
  6 naga ritualists
  6 mana vipers
  8 deep elf pyromancers
  4 cyclopes
  5 orc sorcerers
  11 salamanders
  5 orc knights
  A manticore (D:14)
  6 deep elf zephyrmancers (Elf:1)
  14 ugly things
  11 elephants
  32 black mambas
  2 merfolk sirens (Lair:3)
  5 guardian serpents
  10 gargoyles
  5 naga magi
  7 cane toads
  A cane toad (shapeshifter) (D:15)
  An unseen horror (D:10)
  6 rime drakes
  10 komodo dragons
  2 kobold demonologists
  A komodo dragon (shapeshifter) (D:10)
  4 tengu conjurers
  7 trolls
  8 polar bears
  A polar bear (shapeshifter) (D:15)
  A merfolk (Lair:3)
  12 hornets
  16 blink frogs
  A blink frog (shapeshifter) (D:13)
  13 slime creatures
  7 dream sheep (Lair:6)
  A centaur simulacrum (D:10)
  2 shadows (D:10)
  An air elemental (Elf:1)
  A vampire (D:10)
  15 spriggans
  A wraith (D:10)
  A dire elephant simulacrum (IceCv)
  A water elemental (Elf:1)
  42 yaks
  2 wyverns
  3 hogs (D:13)
  4 basilisks
  10 fire elementals
  2 steam dragons
  8 vampire mosquitoes
  A death yak simulacrum (IceCv)
  An acid dragon (D:12)
  34 nagas
  6 wargs
  18 water moccasins
  35 orc warriors
  2 ice beasts
  3 black bears
  7 ogres
  24 wolves
  3 boggarts (Lair:6)
  6 centaurs
  2 lemures (D:4)
  A phantom (D:5)
  8 kobold brigands
  10 bullfrogs
  3 necrophages
  2 scorpions (D:5)
  4 gnoll sergeants
  3 wights
  A jelly (D:7)
  2 killer bees (D:10)
  8 howler monkeys
  11 electric eels
  4 crimson imps (D:13)
  3 hounds
  22 orc priests
  A gnoll shaman (D:4)
  5 iguanas
  42 orc wizards
  2 polar bear simulacra (IceCv)
  3 adders
  23 gnolls
  2 shadow imps (D:4)
  2 white imps
  3 ufetubi
  An adder skeleton (D:2)
  3 dart slugs
  98 orcs
  A bat zombie (D:2)
  4 endoplasms
  4 giant cockroaches
  9 goblins
  14 hobgoblins
  4 jackals
  3 quokkas
  5 ball pythons
  5 bats
  2 frilled lizards
  A giant cockroach zombie (D:2)
  10 kobolds
  2 quokka zombies (D:2)
  4 rats
  A bush (D:12)
955 creatures vanquished.

Vanquished Creatures (others)
  2 hydras
  A deep elf archer (Elf:1)
  A merfolk (Lair:3)
  A yak (Lair:6)
  2 orc warriors (Orc:2)
  An orc wizard (Orc:2)
  An orc (Orc:2)
  3 bushes (Lair:6)
  55 fungi
  152 plants
219 creatures vanquished.

Grand Total: 1174 creatures vanquished

Notes
Turn   | Place    | Note
-------+----------+-------------------------------------------
     0 | D:1      | Kenran the Felid Monk began the quest for the Orb.
     0 | D:1      | Reached XP level 1. HP: 10/10 MP: 2/2
   247 | D:1      | Reached XP level 2. HP: 14/14 MP: 3/3
   820 | D:1      | Reached XP level 3. HP: 14/17 MP: 4/4
   920 | D:1      | Found Umpunise's Book Boutique.
  1894 | D:3      | Found a glowing silver altar of Zin.
  1930 | D:3      | Reached XP level 4. HP: 13/21 MP: 5/5
  2159 | D:3      | Reached skill level 5 in Dodging
  2782 | D:4      | Reached skill level 5 in Unarmed Combat
  2927 | D:4      | Found a transporter.
  2931 | D:4      | Found a transporter.
  3135 | D:4      | Reached XP level 5. HP: 22/24 MP: 6/6
  3641 | D:4      | Noticed a lemure
  3642 | D:4      | Noticed a lemure
  3838 | D:4      | Noticed Pikel
  3901 | D:5      | Entered Level 5 of the Dungeon
  5302 | D:5      | Gained mutation: You are covered in thick fur. (AC +2)
                  | [Felid growth]
  5302 | D:5      | Reached XP level 6. HP: 9/28 MP: 7/7
  6213 | D:5      | Reached XP level 7. HP: 33/33 MP: 8/8
  7158 | D:5      | Reached skill level 5 in Fighting
  7857 | D:6      | Found a staircase to the Ecumenical Temple.
  7870 | Temple   | Entered the Ecumenical Temple
  8232 | Temple   | Became a worshipper of Ru the Awakened
  8267 | D:6      | Gained mutation: You are weak. (Str -2) [Ru sacrifice]
  8313 | D:6      | Noticed a hornet
  8584 | D:5      | Reached XP level 8. HP: 18/37 MP: 3/9
  9148 | D:7      | Noticed a hornet
  9867 | D:7      | Reached skill level 5 in Stealth
 10724 | D:7      | Slain by an orc warrior
 10725 | D:7      | Reached XP level 7. HP: 0/34 MP: 0/8
 10857 | D:8      | Identified the amulet "Isypewue" {Spirit rF+++ rC- SInv
                  | Stlth-}
 10884 | D:8      | Reached XP level 8. HP: 38/38 MP: 9/9
 12759 | D:9      | Found a staircase to the Lair.
 12759 | D:9      | Noticed a kobold demonologist
 12986 | D:9      | Noticed an orange demon
 13147 | D:8      | Noticed a sixfirhy
 13153 | D:8      | Killed a kobold demonologist
 13154 | D:8      | Reached skill level 10 in Dodging
 13493 | D:9      | Noticed a hornet
 13505 | D:9      | Killed a hornet
 13506 | D:9      | Reached XP level 9. HP: 42/42 MP: 10/10
 14042 | D:9      | Identified the +0 chain mail of Miw Jisch {rF+ rC++}
 14114 | D:9      | Gained mutation: You cannot study or use magical devices.
                  | [Ru sacrifice]
 14114 | D:9      | Reached * piety under Ru
 14114 | D:9      | Reached ** piety under Ru
 14114 | D:9      | Reached *** piety under Ru
 14170 | D:9      | Reached skill level 10 in Unarmed Combat
 14170 | D:9      | Found a staircase to the Orcish Mines.
 14874 | Lair:1   | Entered Level 1 of the Lair of Beasts
 15183 | Lair:1   | Noticed a black mamba
 15187 | Lair:1   | Killed a black mamba
 15188 | Lair:1   | Reached XP level 10. HP: 49/49 MP: 11/11
 15338 | Lair:1   | Noticed Urug
 15349 | Lair:1   | Killed Urug
 16266 | D:6      | Found a staircase to the Ecumenical Temple.
 16555 | D:1      | Bought a book of Transfigurations for 560 gold pieces
 16563 | D:1      | Learned a level 7 spell: Dragon Form
 16653 | D:4      | Killed Pikel
 16787 | D:8      | Reached skill level 1 in Transmutations
 16795 | D:8      | Reached skill level 1 in Spellcasting
 17304 | Lair:1   | Reached skill level 2 in Transmutations
 17336 | Lair:1   | Learned a level 5 spell: Blade Hands
 17395 | Lair:2   | Reached skill level 10 in Stealth
 17622 | Lair:2   | Noticed a four-headed hydra
 17708 | Lair:2   | Noticed a cane toad
 17996 | Lair:2   | Reached skill level 3 in Transmutations
 18296 | Lair:2   | Noticed a cane toad
 18477 | Lair:2   | Noticed a four-headed hydra
 18614 | Lair:3   | Reached skill level 4 in Transmutations
 18749 | Lair:3   | Noticed a merfolk siren
 18805 | Lair:3   | Reached XP level 11. HP: 53/53 MP: 15/15
 18879 | Lair:3   | Mangled by a cane toad
 18880 | Lair:3   | Reached XP level 10. HP: -10/49 MP: 0/14
 18891 | Lair:3   | Reached skill level 5 in Transmutations
 18996 | Lair:3   | Gained mutation: You cannot be stealthy. [Ru sacrifice]
 19103 | Lair:3   | Killed a cane toad
 19133 | Lair:3   | Noticed a merfolk siren
 19186 | Lair:3   | Reached skill level 6 in Transmutations
 19354 | Lair:3   | Reached skill level 7 in Transmutations
 19622 | Lair:3   | Found a staircase to the Snake Pit.
 19940 | Lair:2   | Killed a cane toad
 20459 | Lair:2   | Killed a cane toad
 20759 | Lair:2   | Slain by a four-headed hydra
 20760 | Lair:2   | Reached XP level 9. HP: 0/45 MP: 0/14
 20766 | Lair:2   | Killed a four-headed hydra
 20767 | Lair:2   | Reached skill level 8 in Transmutations
 20767 | Lair:2   | Reached XP level 10. HP: 45/49 MP: 12/15
 20867 | Lair:4   | Noticed a cane toad
 20894 | Lair:3   | Reached skill level 9 in Transmutations
 21368 | Lair:4   | Noticed a cane toad
 21403 | Lair:4   | Killed a cane toad
 21589 | Lair:4   | Reached skill level 10 in Transmutations
 22314 | Lair:4   | Killed a cane toad
 23493 | Lair:5   | Noticed a black mamba
 23494 | Lair:5   | Noticed an elephant
 23501 | Lair:5   | Noticed an elephant
 23523 | Lair:4   | Killed a black mamba
 23984 | Lair:5   | Noticed an elephant
 23989 | Lair:5   | Noticed a black mamba
 24005 | Lair:4   | Killed a black mamba
 24231 | Lair:4   | Reached skill level 11 in Transmutations
 24461 | Lair:5   | Reached XP level 11. HP: 53/53 MP: 16/16
 25090 | Lair:5   | Reached skill level 12 in Transmutations
 25290 | Lair:5   | Gained mutation: You are hated by all. [Ru sacrifice]
 25290 | Lair:5   | Reached **** piety under Ru
 25889 | Lair:5   | Noticed an oklob plant
 25889 | Lair:5   | Noticed an oklob plant
 25889 | Lair:5   | Noticed an oklob plant
 25889 | Lair:5   | Noticed an oklob plant
 26241 | Lair:6   | Entered Level 6 of the Lair of Beasts
 26738 | Lair:5   | Reached skill level 13 in Transmutations
 26869 | Lair:6   | Reached skill level 5 in Spellcasting
 27242 | Lair:6   | Gained mutation: Your thick and shaggy fur keeps you warm.
                  | (AC +3, rC+) [Felid growth]
 27242 | Lair:6   | Reached XP level 12. HP: 45/57 MP: 13/20
 27317 | Lair:6   | Reached skill level 14 in Transmutations
 27468 | Lair:6   | Noticed a death yak
 27519 | Lair:6   | Paralysed by a hornet for 3 turns
 27754 | Lair:6   | Noticed an eight-headed hydra
 27971 | Lair:6   | Noticed a seven-headed hydra
 28211 | Lair:6   | Killed an eight-headed hydra
 28328 | Lair:6   | Reached skill level 15 in Transmutations
 28983 | Lair:6   | Noticed a death yak
 28983 | Lair:6   | Noticed a death yak
 28987 | Lair:6   | Noticed a death yak
 28995 | Lair:6   | Noticed a death yak
 28995 | Lair:6   | Noticed a death yak
 29014 | Lair:6   | Noticed a death yak
 29026 | Lair:6   | Noticed a death yak
 29032 | Lair:6   | Killed a death yak
 29038 | Lair:6   | Killed a death yak
 29353 | Lair:6   | Killed a death yak
 29354 | Lair:6   | Reached skill level 16 in Transmutations
 29757 | Lair:6   | Killed a death yak
 29762 | Lair:6   | Killed a death yak
 29771 | Lair:6   | Killed a death yak
 29931 | Lair:6   | Killed a death yak
 29938 | Lair:6   | Killed a death yak
 29939 | Lair:6   | Reached XP level 13. HP: 45/60 MP: 11/21
 30106 | Lair:6   | Reached skill level 17 in Transmutations
 30321 | Lair:6   | Gained mutation: You are slightly weak-willed. (Will-) [Ru
                  | sacrifice]
 30321 | Lair:6   | Reached ***** piety under Ru
 30882 | Lair:6   | Identified the +3 ring mail "Ciseybi" {Will++ Dex+5 Stlth-}
 35078 | Lair:3   | Found a staircase to the Shoals.
 35217 | Lair:3   | Found a staircase to the Snake Pit.
 37773 | D:9      | Found a staircase to the Orcish Mines.
 38209 | D:9      | Found a staircase to the Lair.
 38608 | D:6      | Found a staircase to the Ecumenical Temple.
 38972 | D:10     | Entered Level 10 of the Dungeon
 39308 | D:10     | Found Gamisiwuomp's Jewellery Boutique.
 39311 | D:10     | Bought an amulet of reflection for 480 gold pieces
 39329 | D:10     | Found Geihae Hail's Distillery.
 39338 | D:10     | Bought a potion of heal wounds for 65 gold pieces
 39338 | D:10     | Bought a potion of curing for 39 gold pieces
 39487 | D:10     | Reached skill level 10 in Fighting
 39905 | D:10     | Found Zaini's Book Shop.
 40054 | D:10     | Found Raeduej's Antique Armour Boutique.
 40255 | D:11     | Gained mutation: You cannot study or cast Ice magic. [Ru
                  | sacrifice]
 40255 | D:11     | Gained mutation: You cannot study or cast Hexes magic. [Ru
                  | sacrifice]
 40255 | D:11     | Gained mutation: You cannot study or cast Translocations
                  | magic. [Ru sacrifice]
 40255 | D:11     | Reached ****** piety under Ru
 40832 | D:11     | Reached skill level 18 in Transmutations
 41106 | D:12     | Identified the ring "Meofiny" {Contam rF+ Dex+6 Slay+2}
 41280 | D:12     | Reached XP level 14. HP: 66/66 MP: 17/24
 41460 | D:12     | Found a frozen archway.
 41470 | IceCv    | Entered an ice cave
 41482 | IceCv    | Found a transporter.
 41949 | D:12     | Found Orooteb's Armour Emporium.
 42721 | D:13     | Noticed a war gargoyle
 42742 | D:13     | Killed a war gargoyle
 42982 | D:13     | Found a gate to the Vaults.
 43318 | D:13     | Noticed Kirke
 43750 | D:13     | Found a shimmering altar of Xom.
 44633 | D:14     | Noticed Snorg
 44640 | D:14     | Killed Snorg
 44805 | D:14     | Noticed Azrael
 44815 | D:14     | Killed Azrael
 45251 | D:14     | Found Gozag's Platinum Reserve.
 45257 | D:14     | Found an opulent altar of Gozag.
 45317 | D:14     | Found Diasmaj's Mass Market.
 45749 | D:13     | Found a shimmering altar of Xom.
 45857 | D:13     | Found a gate to the Vaults.
 46002 | D:15     | Entered Level 15 of the Dungeon
 46024 | D:15     | Found Toggorie's Book Boutique.
 46027 | D:15     | Bought the Papyrus of Excruciating Weightlessness for 420
                  | gold pieces
 46035 | D:15     | Learned a level 7 spell: Storm Form
 46069 | D:15     | Reached XP level 15. HP: 72/72 MP: 19/25
 46078 | D:15     | Reached skill level 1 in Air Magic
 47185 | D:15     | Found a staircase to the Depths.
 47344 | Orc:1    | Entered Level 1 of the Orcish Mines
 47686 | Orc:1    | Noticed Fannar
 47695 | Orc:1    | Killed Fannar
 47747 | Orc:2    | Entered Level 2 of the Orcish Mines
 47747 | Orc:2    | Found Hoap's Antique Weapon Boutique.
 47758 | Orc:2    | Noticed Erolcha
 47840 | Orc:2    | Killed Erolcha
 48120 | Orc:2    | Reached skill level 5 in Air Magic
 48224 | Orc:2    | Found Zitet's Jewellery Boutique.
 48598 | Orc:2    | Found Hieneuhe's Distillery.
 48606 | Orc:2    | Bought 2 potions of haste for 280 gold pieces
 48606 | Orc:2    | Bought a potion of heal wounds for 70 gold pieces
 48606 | Orc:2    | Bought a potion of curing for 42 gold pieces
 48606 | Orc:2    | Bought a potion of heal wounds for 70 gold pieces
 48606 | Orc:2    | Bought a potion of curing for 42 gold pieces
 48660 | Orc:2    | Gained mutation: Potions are less effective at restoring
                  | your health. [mutagenic glow]
 48775 | Orc:2    | Noticed an orc warlord
 48920 | Orc:2    | Killed an orc warlord
 49012 | Orc:2    | Found a staircase to the Elven Halls.
 49182 | Orc:2    | Noticed Sonja
 49195 | Orc:2    | Killed Sonja
 49282 | Orc:2    | Found Ukoih's General Store.
 49283 | Orc:2    | Found Furhixol's Jewellery Shop.
 49284 | Orc:2    | Found Teibregy's Antique Armour Shop.
 49284 | Orc:2    | Found Tenihis's Antique Weapon Boutique.
 49853 | Snake:1  | Entered Level 1 of the Snake Pit
 50062 | Snake:1  | Found Ryleenuc's Antique Armour Shop.
 51084 | Snake:1  | Reached XP level 16. HP: 80/80 MP: 18/26
 51588 | Snake:2  | Noticed Agnes
 51776 | Snake:2  | Found Viypnono's Self-Improvement Boutique.
 51799 | Snake:2  | Found Tazxup's General Store.
 51801 | Snake:2  | Found Worphed's Weapon Shop.
 51804 | Snake:2  | Found Hirghy's Weapon Boutique.
 51815 | Snake:2  | Noticed Frances
 51829 | Snake:2  | Killed Agnes
 51840 | Snake:2  | Noticed Vashnia
 51848 | Snake:2  | Killed Frances
 51853 | Snake:2  | HP: 3/109 [Vashnia/arrow (25)]
 51854 | Snake:2  | Shot with an arrow by a naga sharpshooter
 51855 | Snake:2  | Reached XP level 15. HP: 0/103 MP: 25/25
 52135 | Snake:2  | Killed Vashnia
 52906 | Snake:3  | Reached skill level 15 in Fighting
 52966 | Snake:3  | Noticed a nagaraja
 52975 | Snake:3  | Killed a nagaraja
 53635 | Snake:4  | Entered Level 4 of the Snake Pit
 54371 | Snake:4  | Reached skill level 15 in Unarmed Combat
 54860 | Snake:4  | Found Utim's Jewellery Emporium.
 54861 | Snake:4  | Found Joxtauz's Book Shop.
 54862 | Snake:4  | Found Litubly's Jewellery Emporium.
 54903 | Snake:4  | Noticed a nagaraja
 54908 | Snake:4  | Killed a nagaraja
 54909 | Snake:4  | Reached XP level 16. HP: 82/82 MP: 16/26
 56716 | Snake:4  | Got a serpentine rune of Zot
 57286 | Elf:1    | Entered Level 1 of the Elven Halls
 57286 | Elf:1    | Noticed Jorgrun
 57292 | Elf:1    | Killed Jorgrun
 57770 | Elf:1    | Killed from afar by a ghostly deep elf death mage
 57771 | Elf:1    | Reached XP level 15. HP: -23/53 MP: 28/28
 57783 | Elf:1    | Paralysed by an air elemental for 1 turns
 57913 | Elf:1    | Identified Roxanne's Papyrus of Moulding
 57913 | Elf:1    | Noticed Roxanne
 58032 | Elf:1    | Killed Roxanne
 58042 | Elf:1    | Learned a level 6 spell: Statue Form
 58080 | Elf:1    | Found Huigac's Jewellery Shop.
 58191 | Elf:1    | Noticed Zenata
 58197 | Elf:1    | HP: 4/118 [+2 battleaxe of distortion[Zenata] (16)]
 58197 | Elf:1    | Killed from afar by Zenata

Illustrated notes

Levels and vault maps discovered:
D:1:      lemuel_arrival_funnel, layout_rooms, serial_shops,
          nicolae_shop_behind_doors
D:2:      layout_loops_cross, serial_undead, serial_undead_a, serial_undead_e,
          serial_undead_b, serial_undead_d
D:3:      layout_basic, mainiacjoe_overflow_small_starburst, dk_noncrumbling_3
D:4:      gammafunk_wand_slinger, layout_loops_cross, uniq_pikel
D:5:      layout_rooms
D:6:      layout_rooms, minmay_temple_entry_statues_pillars
D:7:      layout_basic, hex_tiny
D:8:      layout_basic, serial_bayou, serial_bayou_lake_a,
          serial_bayou_crossing, serial_bayou_lagoon_a, serial_bayou_pond_c,
          serial_bayou_pond_b
D:9:      layout_long_grid, lair_entry_dummy, erik_orc_3
D:10:     nzn_winding_woodlands_stair_cross [nzn_winding_woodlands_5x15_eye,
          nzn_winding_woodlands_center_pierced_h,
          nzn_winding_woodlands_5x15_split_checker,
          nzn_winding_woodlands_5x5_cross,
          nzn_winding_woodlands_5x5_closed_star,
          nzn_winding_woodlands_5x15_jagged, nzn_winding_woodlands_center_lodge,
          nzn_winding_woodlands_5x15_sidewinder], layout_small_grid,
          serial_shops, nicolae_diamond_shop, nicolae_shop_hallway_stairs,
          nicolae_shop_window_shopping, nicolae_lakefront_shop
D:11:     layout_gridville
D:12:     layout_basic, portal_ice_cave_rime, serial_shops, nicolae_shop_trees,
          kb_lookout_dungeons_type, nrook_pool_corridor
D:13:     gargoyle_guard, layout_loops_cross, erik_vaults_2, led_xom_imps,
          uniq_kirke
D:14:     layout_loops_ring, nicolae_gozag_zags_fifth_avenue, minmay_shop_mass,
          lightli_corner_chamber, uniq_snorg, uniq_azrael
D:15:     gammafunk_enter_depths_forms, layout_loops_ring,
          chequers_serial_rivers_micro_c, serial_shops,
          nicolae_shop_behind_doors
Temple:   mainiacjoe_temple_circle_huts
Lair:1:   layout_roguey, minmay_stone_trees_small, uniq_urug
Lair:2:   layout_big_grid, enter_volcano_1, grunt_megastairs_4
Lair:3:   layout_roguey, elwin_shoals_entry_stream, guppyfry_snake_entry_island
Lair:4:   layout_cave_pods
Lair:5:   layout_gridlike, minmay_slime_entry_oklob_enclosed, wad_woods_river_04
Lair:6:   minmay_lair_end_enchanted_forest, layout_regular_city,
          serial_bayou_shore_b, grunt_megastairs_5
Snake:1:  layout_onion, serial_shops, nicolae_shop_stone
Snake:2:  layout_misc_corridors, nicolae_shop_self_help, minmay_shop_star,
          uniq_vashnia, uniq_frances, uniq_agnes
Snake:3:  layout_onion_interference, abandoned_shop,
          nicolae_snake_serpentine_hallways, serial_bayou_shore_b
Snake:4:  grunt_snake_rune_spirals, layout_onion_interference,
          serial_bayou_shore_a, serial_bayou_shore_b, minmay_shop_grove
Orc:1:    layout_diamond_mine, mines5_lemuel, uniq_fannar
Orc:2:    st_orc_congregation, layout_caves, serial_shops, shop, shop,
          nicolae_shop_trees, uniq_erolcha, uniq_sonja
Elf:1:    layout_geoelf_octagon, serial_shops, shop,
          minmay_elf_crystal_heptagon, uniq_roxanne, uniq_jorgrun, uniq_zenata

Skill      XL: |  1  2  3  4  5  6  7  8  9 10 11 12 13 14 15 16 |
---------------+-------------------------------------------------+-----
Stealth        | 3 4 6 7 0 |  0.0
Unarmed Combat | 4 5 6 7 9 10 11 12 13 15 16 | 16.5
Dodging        | 5 8 10 13 14 | 14.0
Fighting       | 4 5 6 8 9 10 12 15 16 | 16.5
Transmutations | 8 11 13 16 18 | 18.0
Spellcasting   | 3 5 6 8 |  8.0
Air Magic      | 9 |  9.0
Earth Magic    | |  0.5

Action                   |  1- 3 |  4- 6 |  7- 9 | 10-12 | 13-15 | 16-18 || total
-------------------------+-------+-------+-------+-------+-------+-------++-------
Melee: Unarmed           |   112 |   170 |   523 |   816 |  1140 |   240 ||  3001
       Punch             |     5 |     4 |    35 |    83 |    97 |    29 ||   253
       Bite              |     7 |    19 |    64 |   136 |   149 |    33 ||   408
       Tailslap          |       |       |       |       |   192 |    50 ||   242
 Cast: Blade Hands       |       |       |       |    45 |     8 |       ||    53
       Dragon Form       |       |       |       |       |   111 |    27 ||   138
Invok: Sacrifice Purity  |       |       |     1 |       |       |       ||     1
       Sacrifice Artific |       |       |     1 |       |       |       ||     1
       Draw Out Power    |       |       |       |    15 |    16 |     5 ||    36
       Sacrifice Stealth |       |       |       |     1 |       |       ||     1
       Sacrifice Love    |       |       |       |     1 |       |       ||     1
       Sacrifice Essence |       |       |       |       |     1 |       ||     1
       Sacrifice Arcana  |       |       |       |       |     1 |       ||     1
  Use: Scroll            |     3 |     3 |     8 |    11 |     2 |     2 ||    29
       Potion            |       |     3 |     4 |    15 |       |     2 ||    24
 Stab: Sleeping          |    11 |     4 |     7 |     4 |       |       ||    26
       Distracted        |     3 |       |     2 |     6 |    16 |     5 ||    32
       Invisible         |       |       |       |     7 |    12 |     2 ||    21
       Paralysed         |       |       |       |       |    11 |     3 ||    14
       Petrifying        |       |       |       |       |     1 |       ||     1
       Petrified         |       |       |       |       |     1 |       ||     1
Armor: Skin              |     4 |     2 |    18 |    27 |   256 |    41 ||   348
Dodge: Dodged            |    84 |   150 |   430 |   652 |   478 |    97 ||  1891
Block: Other             |       |       |       |       |   133 |    22 ||   155
       Reflection        |       |       |       |       |    15 |     7 ||    22

Table legend: (Time is in decaauts)
 A = Elapsed time spent in this place.
 B = Non-inter-level travel time spent in this place.
 C = Inter-level travel time spent in this place.
 D = Time resting spent in this place.
 E = Time spent auto-exploring this place.
 F = Levels seen in this place.
 G = Mean time per level.
                   A        B        C        D        E       F      G
               +--------+--------+--------+--------+--------+-----+--------+
         Total |  52473 |  50021 |   2452 |  19875 |  19284 |  30 | 1749.1 |
       Dungeon |  23471 |  22238 |   1233 |   9430 |   7809 |  15 | 1564.7 |
        Temple |    318 |    290 |     28 |     13 |    254 |   1 |  318.0 |
          Lair |  18523 |  17643 |    880 |   6717 |   7899 |   6 | 3087.2 |
     Snake Pit |   6866 |   6707 |    159 |   2657 |   2325 |   4 | 1716.5 |
  Orcish Mines |   2295 |   2146 |    149 |    646 |    775 |   2 | 1147.5 |
   Elven Halls |    870 |    870 |      0 |    320 |    218 |   1 |  870.0 |
      Ice Cave |    127 |    127 |      0 |     90 |      0 |   1 |  127.0 |
               +--------+--------+--------+--------+--------+-----+--------+

Top non-repeatable levels by time:
  Lair:6: 4223 daAuts
  Lair:5: 3804 daAuts
  Lair:4: 3645 daAuts
     D:4: 3146 daAuts
 Snake:4: 3029 daAuts
     D:8: 2764 daAuts
  Lair:3: 2523 daAuts
     D:9: 2297 daAuts
  Lair:2: 2290 daAuts
     D:5: 2276 daAuts
    D:13: 2151 daAuts
  Lair:1: 2035 daAuts
 Snake:1: 1856 daAuts
     D:7: 1796 daAuts
   Orc:2: 1334 daAuts
